AoeStats
← Kuytan

Nomad

508685385Analyzed
2v2 RM · 9d ago on Sep 23, 2026· 29m 49s· 4 players
Game mode
Random Map
Map size
176×176
Population
200
Speed
Normal
Resources
Standard
Victory
Conquest
Starting age
Dark Age
Ending age
Imperial Age
RankedLock teamsTeams togetherTeam positionsShared explorationLock speedFull tech treeHidden civsTurbo modeCheats
Victory
Defeat
🇸🇪 Huns · Sweden
1203
+15
🇸🇪 Mongols · Sweden
1171
+16
🇹🇷 Varangians · Türkiye
1249
-19
🇬🇧 Mongols · United Kingdom
1097
-18
Zelimir
4:19 Loom
12:48 Feudal Age
14:03 Double-Bit Axe
19:18 Castle Age
18:06 Gold Mining
18:40 Fletching
21:22 Bloodlines
21:13 Husbandry
21:19 Scale Barding Armor
22:53 Bodkin Arrow
Joe
5:45 Loom
14:16 Feudal Age
16:43 Wheelbarrow
20:10 Castle Age
18:23 Gold Mining
20:13 Double-Bit Axe
21:16 Bow Saw
21:49 Horse Collar
23:24 Stone Mining
24:22 Fletching
25:26 Bodkin Arrow
25:57 Padded Archer Armor
29:57 Ballistics
somewear
5:29 Loom
15:01 Feudal Age
18:54 Castle Age
16:40 Town Watch
18:52 Double-Bit Axe
20:17 Fletching
20:33 Scale Barding Armor
22:05 Bodkin Arrow
22:27 Padded Archer Armor
23:13 Husbandry
27:56 Wheelbarrow
27:55 Bloodlines
Kuytan
4:37 Loom
13:39 Feudal Age
17:06 Double-Bit Axe
21:45 Castle Age
23:10 Medium Warships
22:52 Horse Collar
24:13 Thumb Ring
24:27 Bow Saw
24:20 Heavy Plow
25:54 Stone Mining
26:11 Fletching
28:44 Town Watch
Connection lost

Rejoining the realm…

Still unreachable

The connection could not be restored.

Session expired

The server has moved on; the page needs a fresh start.